TOP OF THE 1ST |
West Virginia Black Bears batting - Pitching for Milwaukee (NYP) Brewers : RHP Danny Newbegin
|
Pitching: RHP Danny Newbegin
|
|
Batting: LHB Joe Hoover
|
0-0: Ball 1-0: SINGLE (Groundball, 15S, EV 64.4 MPH) (infield hit)
|
Batting: RHB Brandon White
|
0-0: Called Strike Joe Hoover is caught stealing 2nd base 2-4 0-1: Called Strike 0-2: Ball 1-2: SINGLE (Line Drive, 3D, EV 102.5 MPH)
|
Batting: LHB Joe Wise
|
0-0: Called Strike 0-1: Foul Ball, location: 2F 0-2: Strikes out swinging
|
Batting: RHB Killian Jones
|
0-0: Called Strike 0-1: Fly out, F8 (Flyball, 8LM, EV 88.1 MPH)
|
Top of the 1st over - 0 runs, 2 hits, 0 errors, 1 left on base; West Virginia 0 - Milwaukee (NYP) 0 |
BOTTOM OF THE 1ST |
Milwaukee (NYP) Brewers batting - Pitching for West Virginia Black Bears : RHP James Cornette
|
Pitching: RHP James Cornette
|
|
Batting: SHB Aaron Neill
|
0-0: Called Strike 0-1: Ball 1-1: Ground out 5-3 (Groundball, 56D, EV 103.8 MPH)
|
Batting: SHB Orlando Torres
|
0-0: Called Strike 0-1: Ball 1-1: Hit by Pitch
|
Batting: LHB Tyler Francis
|
0-0: Ball 1-0: Called Strike 1-1: 2-RUN HOME RUN (Line Drive, 9D, EV 97.5 MPH), Distance : 376 ft
|
Batting: SHB Ramon Perez
|
0-0: Ground out 4-3 (Groundball, 34, EV 80.0 MPH)
|
Batting: RHB Ryan Miller
|
0-0: Fly out, F7 (Flyball, 78M, EV 90.0 MPH)
|
Bottom of the 1st over - 2 runs, 1 hit, 0 errors, 0 left on base; West Virginia 0 - Milwaukee (NYP) 2 |
TOP OF THE 2ND |
West Virginia Black Bears batting - Pitching for Milwaukee (NYP) Brewers : RHP Danny Newbegin
|
Batting: RHB Ken Manser
|
0-0: Called Strike 0-1: Ball 1-1: Foul Ball, location: 2F 1-2: Fly out, F7 (Flyball, 7D, EV 102.5 MPH)
|
Batting: RHB Rick Pittman
|
0-0: Ground out 6-3 (Groundball, 4M, EV 90.6 MPH)
|
Batting: RHB Tom Tate
|
0-0: Ball 1-0: Ball 2-0: Called Strike 2-1: Foul Ball, location: 2F 2-2: DOUBLE (Line Drive, 9LM, EV 96.2 MPH)
|
Batting: RHB Terrence Wilson
|
0-0: Ball 1-0: Foul Ball, location: 2F 1-1: Ball 2-1: Foul Ball, location: 2F 2-2: Foul Ball, location: 2F 2-2: Strikes out swinging
|
Top of the 2nd over - 0 runs, 1 hit, 0 errors, 1 left on base; West Virginia 0 - Milwaukee (NYP) 2 |
BOTTOM OF THE 2ND |
Milwaukee (NYP) Brewers batting - Pitching for West Virginia Black Bears : RHP James Cornette
|
Batting: RHB Jose Cerritos
|
0-0: Called Strike 0-1: Swinging Strike 0-2: Foul Ball, location: 2F 0-2: Ball 1-2: Ball 2-2: Strikes out swinging
|
Batting: RHB Chris Riddel
|
0-0: Called Strike 0-1: Ball 1-1: Called Strike 1-2: Ground out 6-3 (Groundball, 6, EV 106.9 MPH)
|
Batting: RHB Michael Dickerson
|
0-0: Ball 1-0: Fly out, F9 (Line Drive, 9, EV 88.8 MPH)
|
Bottom of the 2nd over - 0 runs, 0 hits, 0 errors, 0 left on base; West Virginia 0 - Milwaukee (NYP) 2 |
TOP OF THE 3RD |
West Virginia Black Bears batting - Pitching for Milwaukee (NYP) Brewers : RHP Danny Newbegin
|
Batting: RHB Chris Beckham
|
0-0: Foul Ball, location: 2F 0-1: Ball 1-1: Ball 2-1: SINGLE (Groundball, 4MD, EV 101.2 MPH)
|
Batting: LHB Joe Hoover
|
0-0: Called Strike 0-1: Foul Ball, location: 2F 0-2: SINGLE (Groundball, 4D, EV 102.5 MPH) Chris Beckham to second Runner from 2nd tries for 3rd, SAFE, throw by CF made at trailing runner, OUT! 8-6
|
Batting: RHB Brandon White
|
0-0: Ball 1-0: Called Strike 1-1: Foul Ball, location: 2F 1-2: Foul Ball, location: 2F 1-2: Ground out 1-3 (Groundball, 34S, EV 70.0 MPH)
|
Batting: LHB Joe Wise
|
0-0: Called Strike 0-1: Swinging Strike 0-2: Ball 1-2: Reached on error, E4 (Groundball, 4, EV 103.8 MPH) Chris Beckham scores
|
Batting: RHB Killian Jones
|
0-0: Ball 1-0: Ball 2-0: Ground out 5-3 (Groundball, 5S, EV 65.6 MPH)
|
Top of the 3rd over - 1 run, 2 hits, 1 error, 1 left on base; West Virginia 1 - Milwaukee (NYP) 2 |
BOTTOM OF THE 3RD |
Milwaukee (NYP) Brewers batting - Pitching for West Virginia Black Bears : RHP James Cornette
|
Batting: RHB Justin Marino
|
0-0: Ball 1-0: Ground out 6-3 (Groundball, 6, EV 78.8 MPH)
|
Batting: SHB Aaron Neill
|
0-0: Fly out, F8 (Line Drive, 8RM, EV 105.0 MPH)
|
Batting: SHB Orlando Torres
|
0-0: Ball 1-0: Reached on error, E4 (Groundball, 34D, EV 98.8 MPH)
|
Batting: LHB Tyler Francis
|
0-0: Ball 1-0: Ball 2-0: Called Strike 2-1: Ground out U3 (Groundball, 23, EV 80.0 MPH)
|
Bottom of the 3rd over - 0 runs, 0 hits, 1 error, 1 left on base; West Virginia 1 - Milwaukee (NYP) 2 |
TOP OF THE 4TH |
West Virginia Black Bears batting - Pitching for Milwaukee (NYP) Brewers : RHP Danny Newbegin
|
Batting: RHB Ken Manser
|
0-0: Ball 1-0: Ball 2-0: Ball 3-0: Called Strike 3-1: Foul Ball, location: 2F 3-2: Ground out 6-3 (Groundball, 6, EV 101.2 MPH)
|
Batting: RHB Rick Pittman
|
0-0: Ball 1-0: Ball 2-0: Ball 3-0: Base on Balls
|
Batting: RHB Tom Tate
|
0-0: Foul Ball, location: 2F 0-1: Ball 1-1: Ball 2-1: Swinging Strike 2-2: Foul Ball, location: 2F 2-2: Foul Ball, location: 2F 2-2: Ground out 4-3 (Groundball, 34S, EV 83.8 MPH) Rick Pittman to second
|
Batting: RHB Terrence Wilson
|
0-0: Called Strike 0-1: Ball 1-1: 2-RUN HOME RUN (Flyball, 78XD, EV 108.8 MPH), Distance : 409 ft
|
Batting: RHB Chris Beckham
|
0-0: Ball 1-0: Fly out, F5 (Line Drive, 5, EV 69.4 MPH)
|
Top of the 4th over - 2 runs, 1 hit, 0 errors, 0 left on base; West Virginia 3 - Milwaukee (NYP) 2 |
BOTTOM OF THE 4TH |
Milwaukee (NYP) Brewers batting - Pitching for West Virginia Black Bears : RHP James Cornette
|
Batting: SHB Ramon Perez
|
0-0: Called Strike 0-1: Ball 1-1: Swinging Strike 1-2: Ball 2-2: Foul Ball, location: 2F 2-2: Ball 3-2: Strikes out swinging
|
Batting: RHB Ryan Miller
|
0-0: Ball 1-0: Ball 2-0: Called Strike 2-1: Ground out 1-3 (Groundball, 13S, EV 69.4 MPH)
|
Batting: RHB Jose Cerritos
|
0-0: Ball 1-0: Called Strike 1-1: SINGLE (Line Drive, 9S, EV 101.9 MPH)
|
Batting: RHB Chris Riddel
|
0-0: Ball Jose Cerritos steals 2nd base 1-0: Ball 2-0: Ball 3-0: Foul Ball, location: 2F 3-1: Called Strike 3-2: Reached on error, E6 (Groundball, 6, EV 98.8 MPH) Jose Cerritos scores
|
Batting: RHB Michael Dickerson
|
0-0: Ball 1-0: Swinging Strike 1-1: Ball 2-1: Ball 3-1: Called Strike 3-2: Foul Ball, location: 2F 3-2: Strikes out swinging
|
Bottom of the 4th over - 1 run, 1 hit, 1 error, 1 left on base; West Virginia 3 - Milwaukee (NYP) 3 |
TOP OF THE 5TH |
West Virginia Black Bears batting - Pitching for Milwaukee (NYP) Brewers : RHP Danny Newbegin
|
Batting: LHB Joe Hoover
|
0-0: Called Strike 0-1: Ball 1-1: Ball 2-1: Foul Ball, location: 2F 2-2: Hit by Pitch
|
Batting: RHB Brandon White
|
0-0: Ball 1-0: Called Strike 1-1: Fly out, F7 (Line Drive, 7LM, EV 89.4 MPH)
|
Batting: LHB Joe Wise
|
0-0: Called Strike 0-1: SINGLE (Groundball, 6D, EV 101.9 MPH) Joe Hoover to second Runner from 2nd tries for 3rd, SAFE, no throw by LF
|
Batting: RHB Killian Jones
|
0-0: Ball 1-0: Foul Ball, location: 2F 1-1: Ball 2-1: Swinging Strike 2-2: Foul Ball, location: 2F 2-2: Strikes out looking
|
Batting: RHB Ken Manser
|
0-0: Ball 1-0: Ball 2-0: Ground out 4-3 (Groundball, 34, EV 83.8 MPH)
|
Top of the 5th over - 0 runs, 1 hit, 0 errors, 2 left on base; West Virginia 3 - Milwaukee (NYP) 3 |
BOTTOM OF THE 5TH |
Milwaukee (NYP) Brewers batting - Pitching for West Virginia Black Bears : RHP James Cornette
|
Batting: RHB Justin Marino
|
0-0: Ball 1-0: Foul Ball, location: 2F 1-1: Called Strike 1-2: Foul Ball, location: 2F 1-2: Foul Ball, location: 2F 1-2: Ball 2-2: Foul Ball, location: 2F 2-2: Ground out 4-3 (Groundball, 34, EV 87.5 MPH)
|
Batting: SHB Aaron Neill
|
0-0: Foul Ball, location: 2F 0-1: Ball 1-1: Ball 2-1: Ball 3-1: Base on Balls
|
Batting: SHB Orlando Torres
|
0-0: Swinging Strike 0-1: Foul Ball, location: 2F 0-2: Strikes out swinging
|
Batting: LHB Tyler Francis
|
0-0: Called Strike 0-1: Ball Aaron Neill is caught stealing 2nd base 2-6
|
Bottom of the 5th over - 0 runs, 0 hits, 0 errors, 0 left on base; West Virginia 3 - Milwaukee (NYP) 3 |
TOP OF THE 6TH |
West Virginia Black Bears batting - Pitching for Milwaukee (NYP) Brewers : RHP Danny Newbegin
|
Pitching: RHP Ramon Rodriguez
|
|
Batting: RHB Rick Pittman
|
0-0: Ball 1-0: Called Strike 1-1: Foul Ball, location: 2F 1-2: Fly out, F7 (Line Drive, 7S, EV 99.4 MPH)
|
Batting: RHB Tom Tate
|
0-0: Foul Ball, location: 2F 0-1: Foul Ball, location: 2F 0-2: Ball 1-2: Strikes out swinging
|
Batting: RHB Terrence Wilson
|
0-0: Fly out, F8 (Line Drive, 8LM, EV 96.9 MPH)
|
Top of the 6th over - 0 runs, 0 hits, 0 errors, 0 left on base; West Virginia 3 - Milwaukee (NYP) 3 |
BOTTOM OF THE 6TH |
Milwaukee (NYP) Brewers batting - Pitching for West Virginia Black Bears : RHP James Cornette
|
Batting: LHB Tyler Francis
|
0-0: Foul Ball, location: 2F 0-1: Ball 1-1: Ball 2-1: Foul Ball, location: 2F 2-2: Strikes out swinging, 2-3 out at first.
|
Batting: SHB Ramon Perez
|
0-0: Called Strike 0-1: Ball 1-1: Swinging Strike 1-2: Strikes out looking
|
Batting: RHB Ryan Miller
|
0-0: Ball 1-0: Called Strike 1-1: Ball 2-1: Swinging Strike 2-2: Fly out, F6 (Popup, 56D, EV 53.8 MPH)
|
Bottom of the 6th over - 0 runs, 0 hits, 0 errors, 0 left on base; West Virginia 3 - Milwaukee (NYP) 3 |
TOP OF THE 7TH |
West Virginia Black Bears batting - Pitching for Milwaukee (NYP) Brewers : RHP Ramon Rodriguez
|
Batting: RHB Chris Beckham
|
0-0: Called Strike 0-1: Ground out 4-3 (Groundball, 4, EV 78.1 MPH)
|
Batting: LHB Joe Hoover
|
0-0: Called Strike 0-1: Ball 1-1: Ball 2-1: Ball 3-1: Swinging Strike 3-2: Strikes out swinging
|
Batting: RHB Brandon White
|
0-0: Ball 1-0: Ball 2-0: Foul Ball, location: 2F 2-1: Foul Ball, location: 2F 2-2: Fly out, F8 (Flyball, 78M, EV 83.8 MPH)
|
Top of the 7th over - 0 runs, 0 hits, 0 errors, 0 left on base; West Virginia 3 - Milwaukee (NYP) 3 |
BOTTOM OF THE 7TH |
Milwaukee (NYP) Brewers batting - Pitching for West Virginia Black Bears : RHP James Cornette
|
Pitching: RHP Eldon Darrah
|
|
Batting: RHB Jose Cerritos
|
0-0: Ground out 4-3 (Groundball, 4D, EV 105.6 MPH)
|
Batting: RHB Chris Riddel
|
0-0: Foul Ball, location: 2F 0-1: Called Strike 0-2: Ball 1-2: SINGLE (Line Drive, 9LM, EV 102.5 MPH)
|
Batting: RHB Michael Dickerson
|
0-0: Ball 1-0: Called Strike 1-1: Foul Ball, location: 2F 1-2: Ball 2-2: Ball 3-2: Fly out, F7 (Line Drive, 7S, EV 98.8 MPH)
|
Pinch Hitting: LHB John Fortin
|
0-0: Foul Ball, location: 2F 0-1: Ball 1-1: Foul Ball, location: 2F 1-2: Strikes out looking
|
Bottom of the 7th over - 0 runs, 1 hit, 0 errors, 1 left on base; West Virginia 3 - Milwaukee (NYP) 3 |
TOP OF THE 8TH |
West Virginia Black Bears batting - Pitching for Milwaukee (NYP) Brewers : RHP Ramon Rodriguez
|
Now at SS: Chris Maul
|
|
Batting: LHB Joe Wise
|
0-0: Ball 1-0: Called Strike 1-1: Ball 2-1: Fly out, F9 (Flyball, 9LS, EV 81.2 MPH)
|
Batting: RHB Killian Jones
|
0-0: Ball 1-0: Swinging Strike 1-1: Called Strike 1-2: Strikes out swinging
|
Batting: RHB Ken Manser
|
0-0: Ball 1-0: Ball 2-0: Reached on error, E3 (Groundball, 34, EV 86.9 MPH)
|
Batting: RHB Rick Pittman
|
0-0: Ball 1-0: Called Strike 1-1: Foul Ball, location: 2F 1-2: Foul Ball, location: 2F 1-2: Ball 2-2: Foul Ball, location: 2F 2-2: Foul Ball, location: 2F 2-2: Ball 3-2: Fly out, F3 (Popup, 34S, EV 68.1 MPH)
|
Top of the 8th over - 0 runs, 0 hits, 1 error, 1 left on base; West Virginia 3 - Milwaukee (NYP) 3 |
BOTTOM OF THE 8TH |
Milwaukee (NYP) Brewers batting - Pitching for West Virginia Black Bears : RHP Eldon Darrah
|
Batting: SHB Aaron Neill
|
0-0: Foul Ball, location: 2F 0-1: Ball 1-1: Ball 2-1: Ball 3-1: Foul Ball, location: 2F 3-2: Base on Balls
|
Batting: SHB Orlando Torres
|
0-0: Ball Aaron Neill steals 2nd, throwing error, E2 Aaron Neill to third 1-0: Ball 2-0: Ball 3-0: Base on Balls
|
Batting: LHB Tyler Francis
|
0-0: Called Strike 0-1: Ball 1-1: Called Strike 1-2: DOUBLE (Groundball, 3D, EV 103.1 MPH) Aaron Neill scores Orlando Torres to third
|
Batting: SHB Ramon Perez
|
0-0: Intentional Walk
|
Pitching: RHP Joel Olausson
|
|
Batting: RHB Ryan Miller
|
0-0: Ball 1-0: Fly out, F8 (Flyball, 8LXD, EV 94.4 MPH) Runner from 3rd tags up, SCORES, no throw by CF
|
Batting: RHB Jose Cerritos
|
0-0: Called Strike Tyler Francis steals 3rd base 0-1: Foul Ball, location: 2F 0-2: Foul Ball, location: 2F 0-2: Ball 1-2: Strikes out swinging
|
Batting: RHB Chris Riddel
|
0-0: Ball 1-0: Called Strike 1-1: Ball 2-1: Swinging Strike 2-2: Strikes out looking
|
Bottom of the 8th over - 2 runs, 1 hit, 1 error, 2 left on base; West Virginia 3 - Milwaukee (NYP) 5 |
TOP OF THE 9TH |
West Virginia Black Bears batting - Pitching for Milwaukee (NYP) Brewers : RHP Ramon Rodriguez
|
Pitching: RHP Alberto Cordovi
|
|
Batting: RHB Tom Tate
|
0-0: Ball 1-0: Ball 2-0: Called Strike 2-1: Called Strike 2-2: SINGLE (Groundball, 34D, EV 111.2 MPH)
|
Batting: RHB Terrence Wilson
|
0-0: Ball 1-0: Ball 2-0: Called Strike 2-1: Foul Ball, location: 2F 2-2: Ball 3-2: Foul Ball, location: 2F 3-2: Base on Balls Tom Tate to second
|
Batting: RHB Chris Beckham
|
0-0: Sac Bunt to 23 - play at first, batter OUT! 3-4 Tom Tate to third Terrence Wilson to second
|
Batting: LHB Joe Hoover
|
0-0: Ball 1-0: Ball 2-0: Foul Ball, location: 2F 2-1: Ball 3-1: Base on Balls
|
Batting: RHB Brandon White
|
0-0: Ball 1-0: Swinging Strike 1-1: Foul Ball, location: 2F 1-2: Strikes out looking
|
Batting: LHB Joe Wise
|
0-0: Ball 1-0: Ground out 4-3 (Groundball, 34D, EV 101.9 MPH)
|
Top of the 9th over - 0 runs, 1 hit, 0 errors, 3 left on base; West Virginia 3 - Milwaukee (NYP) 5 |
|